 Dungeon Sprint DCSS version 0.26-a0-712-ga5a9c9c9d0 (webtiles) character file.

Game seed: 2097842291224622211

15596 olmar the Metallomancer (level 12, -29/88 HPs)
             Began as a Deep Dwarf Earth Elementalist on Oct 31, 2020.
             Was an Initiate of Gozag.
             Hit by a large rock thrown by a stone giant (42 damage)
             ... in the Dungeon (Sprint VII: "The Pits").
             The game lasted 00:09:22 (2903 turns).

olmar the Metallomancer (DDEE)                      Turns: 2903, Time: 00:09:23

Health: -29/88     AC:  5    Str: 13    XL:     12   Next: 2%
Magic:  12/33      EV: 12    Int: 20    God:    Gozag
Gold:   2331       SH:  0    Dex: 13    Spells: 39/45 levels left

rFire    + . .     SeeInvis .   (no weapon)
rCold    + . .     Faith    .   (no shield)
rNeg     . . .     Spirit   .   c - +0 robe
rPois    .         Reflect  .   (no helmet)
rElec    .         Harm     .   s - scarf {rC+ rF+}
rCorr    .         Rampage  .   (no gloves)
MR       +....     NoTele   +   r - +2 pair of boots {Fly}
Stlth    ++........             (no amulet)
HPRegen  0.00/turn              (no ring)
MPRegen  0.23/turn              (no ring)

@: non-regenerating
A: damage resistance, heal wounds, sense surroundings 2, no regeneration
a: Heal Wounds, Potion Petition, Call Merchant, Bribe Branch, Renounce Religion,
Evoke Flight


You were in the Dungeon.
You worshipped Gozag.
Gozag was most pleased with you.
You visited 1 branch You collected 7686 gold pieces.
You spent 2134 gold pieces at shops.
You paid 3221 gold pieces to Gozag.

Inventory:

Missiles
 x - 5 stones (quivered)
Armour
 c - a +0 robe (worn)
 n - a +0 cloak
 q - the cursed +0 kite shield "Ulapia" {MR+++ Str-5}
   (You bought it in a shop in the Dungeon)

   It affects your strength (-5).
   It affects your resistance to hostile enchantments.
   It has a curse placed upon it.
 r - a +2 pair of boots of flying (worn)
 s - a scarf of resistance (worn)
 C - a +0 kite shield of reflection
Jewellery
 b - a +3 ring of protection
 o - a +3 ring of strength
 y - an uncursed ring of protection from cold
 z - an uncursed ring of see invisible
 D - an uncursed ring of poison resistance
Scrolls
 g - a scroll of fog
 i - 3 scrolls of blinking
 j - 6 scrolls of remove curse
 k - 8 scrolls of amnesia
 l - 2 scrolls of summoning
 t - a scroll of magic mapping
 u - 2 scrolls of enchant weapon
 v - 5 scrolls of identify
 A - 2 scrolls of enchant armour
 B - a scroll of fear
 G - a scroll of holy word
Potions
 a - 2 potions of berserk rage
 d - 10 potions of curing
 e - 10 potions of heal wounds
 f - 6 potions of haste
 h - 2 potions of invisibility
 m - 2 potions of mutation
 p - a potion of brilliance
 w - a potion of resistance
 H - a potion of degeneration
Miscellaneous
 E - a box of beasts (inert)
 F - a lightning rod (4/4)


   Skills:
 - Level 2.1 Dodging
 - Level 2.4 Stealth
 + Level 17.4 Spellcasting
   Level 0.8 Transmutations
 + Level 25.0 Earth Magic
 + Level 0.4 Evocations


You had 39 spell levels left.
You knew the following spells:

 Your Spells              Type           Power        Failure   Level
a - Sandblast             Erth           ######       0%          1
b - Lee's Rapid Deconstr  Erth           #######...   0%          5

Your spell library contained the following spells:

 Spells                   Type           Power        Failure   Level
 Passwall                 Tmut/Erth      ######..     1%          2
 Stone Arrow              Conj/Erth      ######       1%          3
 Petrify                  Tmut/Erth      ######..     1%          4


Dungeon Overview and Level Annotations

Branches:
Dungeon (1/1)

Altars:
Ashenzari
Cheibriados
Dithmenos
Elyvilon
Fedhas
Gozag
Hepliaklqana
Kikubaaqudgha
Makhleb
Nemelex Xobeh
Okawaru
Qazlal
Ru
Sif Muna
Trog
Uskayaw
Vehumet
Wu Jian
Xom
Yredelemnul
Zin
The Shining One
Beogh
Jiyva
Lugonu

Shops:
D *[[?


Innate Abilities, Weirdness & Mutations

You are resistant to damage.
You can heal yourself by infusing magical energy.
You passively map the area around you.
You do not regenerate.


Message History

You hear a roar!
You hear a shout!
You feel much better.
The stone giant throws a large rock.
The large rock hits you!!!
* * * LOW HITPOINT WARNING * * *
Unknown command.
Casting: Lee's Rapid Deconstruction (safe; 0% risk of failure)
Confirm with . or Enter, or press ? or * to list all spells.
Aiming: Lee's Rapid Deconstruction (safe; 0% risk of failure)
Press: ? - help, Dir - move target cursor A crystal wall.
The crystal wall shatters!
The blast of crystal shards hits the stone giant!
The stone giant is almost dead.
The blast of crystal shards hits the iron troll!
The iron troll is heavily wounded.
You hear a shout!
You hear a roar!
You hear a shout!
A lich comes into view.
The stone giant throws a large rock.
The large rock hits you!!!
You die...
Your body crumbles into a pile of gold.

+##############..#
,, * + + #..# , ,
, ,#..# #..# * ,
#..# , , ,,, #..#
, , ,,, #..# , * +
+ #..# * , , #.@#
, , ,* ,, #..# * *
#'T# * * ** #C'#
,* , , * ...# * *
L..## , * ** ...#
,*,, ...# , , #...


You could see an iron troll, a stone giant and a lich.

Vanquished Creatures
  A death cob (D)
  Josephine (D)
  A great orb of eyes (D)
  An orc high priest (D)
  A fire crab (D)
  A shadow wraith (D)
  A deep troll (D)
  A phantasmal warrior (D)
  A deep elf mage (D)
  2 cyclopes (D)
  A guardian serpent (D)
  A black mamba (D)
  Psyche (D)
  An eye of devastation (D)
  A cane toad (D)
  An orange demon (D)
  A gargoyle (D)
  A rime drake (D)
  2 ice devils (D)
  A hornet (D)
  2 bog bodies (D)
  Prince Ribbit (D)
  3 wraiths (D)
  A ynoxinul (D)
  2 redbacks (D)
  2 tarantellas (D)
  A fire bat (D)
  A wyvern (D)
  A neqoxec (D)
  12 yaks (D)
  4 wargs (D)
  A water moccasin (D)
  3 acid dragons (D)
  A floating eye (D)
  2 orc warriors (D)
  A phantom (D)
  A sky beast (D)
  A black bear (D)
  A crimson imp (D)
  3 orc priests (D)
  Crazy Yiuf (D)
  2 hounds (D)
  A jelly (D)
  Jessica (D)
  An iguana (D)
  An orc wizard (D)
  A worker ant (D)
  A gnoll (D)
  2 river rats (D)
  2 adders (D)
  3 leopard geckos (D)
  7 orcs (D)
  A bat (D)
  A bat zombie (D)
  11 jackals (D)
  A kobold (D)
  A frilled lizard (D)
  A quokka zombie (D)
105 creatures vanquished.

Notes
Turn   | Place    | Note
-------+----------+-------------------------------------------
     0 | D        | olmar the Deep Dwarf Earth Elementalist began the quest for
                  | the Orb.
     0 | D        | Reached XP level 1. HP: 15/15 MP: 3/3
    16 | D        | Reached skill level 6 in Earth Magic
    16 | D        | Reached XP level 2. HP: 22/22 MP: 0/5
    41 | D        | Found a glowing golden altar of the Shining One.
    41 | D        | Found a glowing silver altar of Zin.
    41 | D        | Found a basalt altar of Yredelemnul.
    41 | D        | Found a shimmering altar of Xom.
    41 | D        | Found an ornate altar of the Wu Jian Council.
    41 | D        | Found a bloodstained altar of Trog.
    41 | D        | Found a shimmering blue altar of Sif Muna.
    41 | D        | Found a sacrificial altar of Ru.
    41 | D        | Found a stormy altar of Qazlal.
    41 | D        | Found an iron altar of Okawaru.
    41 | D        | Found a sparkling altar of Nemelex Xobeh.
    41 | D        | Found a burning altar of Makhleb.
    41 | D        | Found a viscous altar of Jiyva.
    41 | D        | Found a hazy altar of Hepliaklqana.
    41 | D        | Found an opulent altar of Gozag.
    41 | D        | Found a blossoming altar of Fedhas.
    41 | D        | Found a white marble altar of Elyvilon.
    41 | D        | Found a shadowy altar of Dithmenos.
    41 | D        | Found a snail-covered altar of Cheibriados.
    42 | D        | Found a radiant altar of Vehumet.
    42 | D        | Found a corrupted altar of Lugonu.
    42 | D        | Found a roughly hewn altar of Beogh.
    43 | D        | Found an ancient bone altar of Kikubaaqudgha.
    43 | D        | Found a hide-covered altar of Uskayaw.
    43 | D        | Found a broken altar of Ashenzari.
    45 | D        | Became a worshipper of Gozag Ym Sagoz the Greedy
    58 | D        | Reached skill level 7 in Earth Magic
   153 | D        | Reached XP level 3. HP: 28/28 MP: 5/7
   161 | D        | Reached skill level 8 in Earth Magic
   215 | D        | Noticed a sky beast
   215 | D        | Noticed Crazy Yiuf
   217 | D        | Noticed a fire bat
   220 | D        | Noticed Jessica
   222 | D        | Reached skill level 9 in Earth Magic
   223 | D        | Killed Jessica
   223 | D        | Reached XP level 4. HP: 29/36 MP: 5/10
   226 | D        | Killed a sky beast
   226 | D        | Reached skill level 11 in Earth Magic
   226 | D        | Reached XP level 5. HP: 34/42 MP: 2/13
   240 | D        | Killed Crazy Yiuf
   240 | D        | Reached skill level 12 in Earth Magic
   340 | D        | Learned a level 5 spell: Lee's Rapid Deconstruction
   341 | D        | Killed a fire bat
   341 | D        | Reached skill level 13 in Earth Magic
   341 | D        | Reached XP level 6. HP: 13/49 MP: 3/17
   430 | D        | Noticed a floating eye
   431 | D        | Killed a floating eye
   500 | D        | Noticed Prince Ribbit
   501 | D        | Reached skill level 14 in Earth Magic
   501 | D        | Reached XP level 7. HP: 40/55 MP: 13/19
   501 | D        | Killed Prince Ribbit
   542 | D        | Noticed a ynoxinul
   548 | D        | Killed a ynoxinul
   548 | D        | Reached skill level 10 in Spellcasting
   548 | D        | Reached skill level 15 in Earth Magic
   650 | D        | Noticed a rime drake
   650 | D        | Noticed a cyclops
   665 | D        | Reached XP level 8. HP: 46/62 MP: 11/22
   665 | D        | Killed a cyclops
   665 | D        | Reached skill level 16 in Earth Magic
   666 | D        | Killed a rime drake
   666 | D        | Reached skill level 17 in Earth Magic
   781 | D        | Reached skill level 18 in Earth Magic
   781 | D        | Gained mutation: You passively map the area around you.
                  | [Deep Dwarf growth]
   781 | D        | Reached XP level 9. HP: 50/68 MP: 9/25
   895 | D        | Reached skill level 19 in Earth Magic
  1113 | D        | Noticed a great orb of eyes
  1116 | D        | Noticed an ice devil
  1120 | D        | Killed a great orb of eyes
  1120 | D        | Reached skill level 20 in Earth Magic
  1120 | D        | Reached XP level 10. HP: 55/75 MP: 2/27
  1269 | D        | Noticed Josephine
  1271 | D        | Reached skill level 21 in Earth Magic
  1272 | D        | Killed Josephine
  1400 | D        | Noticed a deep troll
  1409 | D        | Killed a deep troll
  1409 | D        | Reached skill level 22 in Earth Magic
  1452 | D        | Noticed a cyclops
  1564 | D        | Noticed an orc high priest
  1565 | D        | Killed an orc high priest
  1565 | D        | Reached skill level 15 in Spellcasting
  1574 | D        | Reached XP level 11. HP: 45/81 MP: 10/30
  1756 | D        | Bought a glimmering kite shield for 275 gold pieces
  1756 | D        | Bought a pair of runed boots for 217 gold pieces
  1775 | D        | Noticed a death cob
  1775 | D        | Killed Psyche
  1778 | D        | Reached skill level 23 in Earth Magic
  1778 | D        | Killed a death cob
  1974 | D        | Bought a scroll of fog for 30 gold pieces
  2141 | D        | Bought a scarf of resistance for 480 gold pieces
  2207 | D        | Killed a shadow wraith
  2207 | D        | Reached skill level 24 in Earth Magic
  2254 | D        | Bought a scroll of magic mapping for 52 gold pieces
  2254 | D        | Bought a scroll of enchant weapon for 112 gold pieces
  2254 | D        | Bought a scroll of identify for 30 gold pieces
  2254 | D        | Bought a scroll of identify for 30 gold pieces
  2254 | D        | Bought a scroll of summoning for 142 gold pieces
  2255 | D        | Identified the cursed +0 kite shield "Ulapia" {MR+++ Str-5}
                  | (You bought it in a shop in the Dungeon)
  2407 | D        | Bought a scroll of identify for 32 gold pieces
  2407 | D        | Bought a lightning rod (4/4) for 640 gold pieces
  2407 | D        | Bought a scroll of identify for 32 gold pieces
  2407 | D        | Bought a scroll labeled VAETYT HEAMA for 16 gold pieces
  2407 | D        | Bought a scroll of identify for 32 gold pieces
  2407 | D        | Bought a dark potion for 14 gold pieces
  2418 | D        | Noticed a deep elf mage
  2420 | D        | Killed a deep elf mage
  2770 | D        | Noticed a phantasmal warrior
  2771 | D        | Noticed a fire crab
  2773 | D        | Killed a phantasmal warrior
  2784 | D        | Killed a fire crab
  2784 | D        | Reached skill level 25 in Earth Magic
  2784 | D        | Reached XP level 12. HP: 56/88 MP: 0/33
  2898 | D        | Noticed a stone giant
  2903 | D        | Noticed a lich
  2903 | D        | Hit by a large rock thrown by a stone giant

Illustrated notes

Levels and vault maps discovered:
D:        pitsprint [storerooms_1, entrance_room_1, metal_vault_1, armoury_2,
          mini_pit_1, grid_room_1, main_hall_1, silver_pit, the_coven_1,
          the_vestibule_1, steel_vault_1, golden_pit, hallway_of_sentries,
          crystal_vault_3, iron_vault_1, final_vault]

Skill      XL: |  1  2  3  4  5  6  7  8  9 10 11 |
---------------+----------------------------------+-----
Spellcasting   | 2 3 4 6 8 10 12 13 15 17 | 17.4
Earth Magic    | 6 7 9 11 13 14 15 18 20 22 25 | 25.0
Dodging        | |  2.1
Stealth        | |  2.4
Transmutations | |  0.8
Evocations     | |  0.4

Action                   |  1- 3 |  4- 6 |  7- 9 | 10-12 || total
-------------------------+-------+-------+-------+-------++-------
Melee: Unarmed           |     4 |       |       |       ||     4
 Cast: Sandblast         |    26 |    14 |       |       ||    40
       Lee's Rapid Decon |       |     3 |    23 |    64 ||    90
Invok: Call Merchant     |       |       |       |     4 ||     4
 Abil: Stop Flying       |       |       |       |     1 ||     1
       Heal Wounds       |       |       |       |     1 ||     1
Evoke: Box of beasts     |       |       |       |     3 ||     3
  Use: Potion            |     3 |     1 |       |     7 ||    11
       Scroll            |       |       |       |     3 ||     3
Armor: Robe              |     2 |     3 |       |     5 ||    10
Dodge: Dodged            |     9 |    10 |     1 |     9 ||    29

Table legend: (Time is in decaauts)
 A = Elapsed time spent in this place.
 B = Non-inter-level travel time spent in this place.
 C = Inter-level travel time spent in this place.
 D = Time resting spent in this place.
 E = Time spent auto-exploring this place.
 F = Levels seen in this place.
 G = Mean time per level.
                   A        B        C        D        E       F      G
               +--------+--------+--------+--------+--------+-----+--------+
         Total |   2914 |   2776 |    138 |   1806 |      0 |   1 | 2914.0 |
       Dungeon |   2914 |   2776 |    138 |   1806 |      0 |   1 | 2914.0 |
               +--------+--------+--------+--------+--------+-----+--------+

Top non-repeatable levels by time:
       D: 2914 daAuts
